 Dungeon Sprint DCSS version 0.31-a0-210-gccc998df9b (webtiles) character file.

Game seed: 15322624480307463449

7300000 123456 the Grand Master (level 27, -27/292 HPs)
             Began as an Armataur Gladiator on June 29, 2023.
             Was the Champion of Makhleb.
             Annihilated by a meat berserker
             ... wielding a +9 battleaxe
              (29 damage)
             ... in the Dungeon (Sprint VIII: "Arena of Blood").
             The game lasted 00:02:47 (73 turns).

123456 the Grand Master (Armataur Gladiator)          Turns: 73, Time: 00:02:47

Health: -27/292    AC: 10    Str: 22    XL:     27
Magic:  29/48      EV: 31    Int:  9    God:    Makhleb [******]
Gold:   0          SH:  0    Dex: 23    Spells: 68/68 levels left

rFire   . . .        k - +∞ Axe of Woe
rCold   . . .        (shield currently unavailable)
rNeg    . . .        a - +0 leather armour
rPois   .            b - +0 helmet
rElec   .            (no cloak)
rCorr   .            (no gloves)
SInv    .            (no barding)
Will    ++...        (no amulet)
Stlth   ++++++++++   (no ring)
HPRegen 0.68/turn    (no ring)
MPRegen 0.31/turn

%: no teleportation, roll
@: marked, slowed, very slow
A: large, rugged brown scales 3, deformed body, armoured tail, roll, long
tongue, awkward tongue
a: Renounce Religion, Minor Destruction, Lesser Servant of Makhleb, Major
Destruction, Greater Servant of Makhleb


You were in the Dungeon.
You worshipped Makhleb.
Makhleb was exalted by your worship.
You visited 1 branch

Inventory:

Hand Weapons
 k - the +∞ Axe of Woe (weapon)
   (You found it in the Dungeon)
Missiles
 c - 3 throwing nets (quivered)
 d - a javelin
Armour
 a - a +0 leather armour (worn)
 b - a +0 helmet (worn)
Scrolls
 j - a scroll of blinking
Potions
 e - a potion of curing
 f - a potion of heal wounds
 g - a potion of haste
 h - 2 potions of magic
 i - a potion of berserk rage


   Skills:
 O Level 27 Fighting
 + Level 23.6(26.7) Short Blades
 + Level 21.4(25.6) Long Blades
 O Level 27 Axes
 + Level 21.4(27) Maces & Flails
 + Level 19.9(27) Polearms
 + Level 21.4(27) Staves
 + Level 18.4 Ranged Weapons
 O Level 27 Throwing
 O Level 27 Armour
 O Level 27 Dodging
 O Level 27 Stealth
 + Level 26.7 Shields
 O Level 27 Unarmed Combat
 + Level 21.3 Spellcasting
 + Level 23.0 Conjurations
 + Level 23.0 Hexes
 + Level 21.9 Summonings
 + Level 21.9 Necromancy
 + Level 25.5 Translocations
 + Level 23.6 Transmutations
 + Level 23.6 Fire Magic
 + Level 23.6 Ice Magic
 + Level 23.6 Air Magic
 + Level 23.6 Earth Magic
 + Level 23.6 Poison Magic
 + Level 25.5 Invocations
 + Level 25.5 Evocations


You had 68 spell levels left.
You didn't know any spells.
Your spell library was empty.

Dungeon Overview and Level Annotations

Branches:
Dungeon (1/1)

Altars:
Makhleb

Annotations:
D The Captor


Innate Abilities, Weirdness & Mutations

You are completely covered in rugged brown scales. (AC +3, +7% HP)
Armour fits poorly on your strangely shaped body.
You have a long armoured tail.
You roll when moving toward enemies. (Rampage)
Your long tongue fully drains potion bottles. (2x potion effects)
Your tongue gives you trouble enunciating. (1.5x scroll delay)


Message History

The tyrant seems to speed up.
The meat berserker is engulfed in blazing flames.
You hear a shout!
The meat berserker hits you with a +9 battleaxe!!!
You hear a shout!
A meat berserker comes into view. It is wielding a +9 battleaxe.
The accursed gestures at you while chanting.
Something smites you!
Your Spellcasting skill increases to level 21!
Your Conjurations skill increases to level 23!
Your Hexes skill increases to level 23!
Unknown command.
Unknown command.
The web tears apart.
The eight-headed meat hydra appears out of thin air!
An eight-headed meat hydra comes into view.
A meat beast comes into view. x3
You hear a shout! x2
The meat berserker hits you with a +9 battleaxe!!!
You hear a shout! x5
The meat berserker rages.
You hear a shout!
The Captor hits you with a +9 heavy triple sword!!!!
* * * LOW HITPOINT WARNING * * *
The tyrant casts a spell.
You hear a shout!
A bag of meat comes into view. It is wielding a +9 war axe. x3
You hear a shout!
The meat berserker misses you.
A dread comes into view.
A bolt of negative energy appears from out of thin air!
Deactivating autopickup; reactivate with Ctrl-A.
The bolt of negative energy misses you.
The bolt of negative energy hits the meat beast.
The meat beast completely resists.
A destroyer comes into view. It is wielding a +9 heavy great sword.
A meat beast comes into view.
You hear a shout!
The meat berserker hits you with a +9 battleaxe!!
You die...

.....................
#.......#......2....
#.......# 2.........#
.###....)))###..2......W
......###))L))........#
......._)))))))....§D.
...#.....#.))))).#§#...
#_.<._#..))@2{..§...
#.....#...)O@#§#.#.
O....._...o.z☼2°O......
.....O###...W..oo.#o#.#.
.###.. ..XL###......oo
#.....X.# .....O...§.
#..§...X#........)§o. ..
....O.O.....○oo o
o....#.o.#.oV


You could see a tentacled monstrosity (summoned), 5 meat beasts, 2 tyrants, an
eight-headed meat hydra (wandering), a destroyer, a sculptor of flesh, a large
abomination (summoned), 2 dreads, 5 meat berserkers, The Captor (fast) and 12
bags of meat.

Vanquished Creatures
  A hell beast (D)
  A royal mummy (D)
  A wraith (D)
  17 vampire knights (D)
  33 ogres (D)
  7 two-headed ogres (D)
  7 liches (D)
  2 hydras (D)
  A phantom (D)
  80 orcs (D)
  5 skeletal warriors (D)
155 creatures vanquished.

Vanquished Creatures (others)
  A two-headed ogre (D)
  2 orcs (D)
3 creatures vanquished.

Grand Total: 158 creatures vanquished

Notes
Turn   | Place    | Note
-------+----------+-------------------------------------------
     0 | D        | Found the +∞ Axe of Woe
     0 | D        | 123456 the Armataur Gladiator began the quest for the Orb.
     0 | D        | Reached XP level 1. HP: 18/18 MP: 1/1
     2 | D        | Noticed a bag of meat
     3 | D        | Noticed a bag of meat
     4 | D        | Became a worshipper of Makhleb the Destroyer
     4 | D        | Noticed a bag of meat
     5 | D        | Noticed a bag of meat
     5 | D        | Noticed a meat berserker
     6 | D        | Noticed a bag of meat
     6 | D        | Noticed a bag of meat
     7 | D        | Noticed a bag of meat
     8 | D        | Killed a bag of meat
     9 | D        | Reached skill level 15 in Unarmed Combat
     9 | D        | Reached XP level 2. HP: 38/38 MP: 2/2
     9 | D        | Reached XP level 3. HP: 43/43 MP: 3/3
     9 | D        | Reached XP level 4. HP: 52/52 MP: 4/4
     9 | D        | Reached XP level 5. HP: 58/58 MP: 5/5
     9 | D        | Reached XP level 6. HP: 66/66 MP: 6/6
     9 | D        | Reached XP level 7. HP: 73/73 MP: 7/7
     9 | D        | Reached XP level 8. HP: 80/80 MP: 8/8
     9 | D        | Reached XP level 9. HP: 87/87 MP: 9/9
     9 | D        | Reached XP level 10. HP: 95/95 MP: 10/10
     9 | D        | Killed a bag of meat
     9 | D        | Reached * piety under Makhleb
     9 | D        | Killed a bag of meat
    10 | D        | Reached skill level 10 in Fighting
    10 | D        | Reached skill level 10 in Throwing
    10 | D        | Reached skill level 15 in Dodging
    10 | D        | Reached XP level 11. HP: 108/108 MP: 11/11
    10 | D        | Reached XP level 12. HP: 114/114 MP: 12/12
    10 | D        | Noticed a bag of meat
    10 | D        | Noticed a meat berserker
    11 | D        | Killed a meat berserker
    11 | D        | Killed a bag of meat
    11 | D        | Reached ** piety under Makhleb
    11 | D        | Noticed a bag of meat
    12 | D        | Reached XP level 13. HP: 40/127 MP: 13/13
    12 | D        | Killed a bag of meat
    12 | D        | Killed a bag of meat
    12 | D        | Noticed a meat berserker
    12 | D        | Noticed a bag of meat
    13 | D        | Reached XP level 14. HP: 63/139 MP: 14/14
    13 | D        | Killed a meat berserker
    13 | D        | Reached *** piety under Makhleb
    13 | D        | Noticed a meat berserker
    13 | D        | Noticed a bag of meat
    13 | D        | Noticed a meat berserker
    14 | D        | Reached skill level 10 in Axes
    14 | D        | Noticed a meat berserker
    14 | D        | Killed a bag of meat
    14 | D        | Noticed a bag of meat
    14 | D        | Noticed a bag of meat
    14 | D        | Noticed a meat berserker
    14 | D        | Noticed a bag of meat
    14 | D        | Noticed a bag of meat
    15 | D        | Reached skill level 15 in Fighting
    15 | D        | Reached XP level 15. HP: 69/150 MP: 15/15
    15 | D        | Noticed a meat berserker
    15 | D        | Killed a meat berserker
    16 | D        | Killed a meat berserker
    16 | D        | Reached **** piety under Makhleb
    17 | D        | Reached skill level 15 in Throwing
    17 | D        | Reached XP level 16. HP: 134/165 MP: 16/16
    17 | D        | Killed a meat berserker
    17 | D        | Noticed a large bag of meat
    18 | D        | Reached skill level 15 in Axes
    18 | D        | Killed a meat berserker
    18 | D        | Reached ***** piety under Makhleb
    18 | D        | Killed a meat berserker
    18 | D        | Noticed a large bag of meat
    18 | D        | Noticed a meat berserker
    18 | D        | Noticed a meat berserker
    19 | D        | Reached skill level 27 in Unarmed Combat
    19 | D        | Reached XP level 17. HP: 135/181 MP: 17/17
    19 | D        | Noticed a meat berserker
    19 | D        | Killed a meat berserker
    19 | D        | Killed a large bag of meat
    19 | D        | Noticed a destroyer
    20 | D        | Noticed a meat berserker
    20 | D        | Noticed a destroyer
    21 | D        | Killed a destroyer
    21 | D        | Reached ****** piety under Makhleb
    21 | D        | Noticed a destroyer
    22 | D        | Reached skill level 27 in Dodging
    22 | D        | Reached XP level 18. HP: 204/204 MP: 18/18
    22 | D        | Killed a meat berserker
    22 | D        | Noticed a large bag of meat
    22 | D        | Noticed a large bag of meat
    23 | D        | Reached skill level 27 in Axes
    23 | D        | Noticed a destroyer
    23 | D        | Noticed a meat berserker
    24 | D        | Killed a meat berserker
    24 | D        | Noticed a meat berserker
    24 | D        | Noticed a meat berserker
    25 | D        | Reached skill level 27 in Fighting
    25 | D        | Reached skill level 10 in Armour
    25 | D        | Reached XP level 19. HP: 221/221 MP: 19/19
    25 | D        | Killed a destroyer
    26 | D        | Reached skill level 27 in Throwing
    26 | D        | Killed a meat berserker
    26 | D        | Killed a meat berserker
    27 | D        | Reached skill level 27 in Armour
    27 | D        | Reached XP level 20. HP: 231/231 MP: 20/20
    27 | D        | Killed a meat berserker
    27 | D        | Noticed an eight-headed meat hydra
    28 | D        | Reached skill level 5 in Stealth
    28 | D        | Reached skill level 5 in Shields
    28 | D        | Reached skill level 5 in Translocations
    28 | D        | Reached skill level 5 in Invocations
    28 | D        | Reached skill level 5 in Evocations
    28 | D        | Killed a large bag of meat
    29 | D        | Reached skill level 5 in Short Blades
    29 | D        | Reached skill level 5 in Long Blades
    29 | D        | Reached skill level 5 in Maces & Flails
    29 | D        | Reached skill level 5 in Staves
    29 | D        | Reached skill level 5 in Conjurations
    29 | D        | Reached skill level 5 in Hexes
    29 | D        | Reached skill level 5 in Summonings
    29 | D        | Reached skill level 5 in Necromancy
    29 | D        | Reached skill level 5 in Transmutations
    29 | D        | Reached skill level 5 in Fire Magic
    29 | D        | Reached skill level 5 in Ice Magic
    29 | D        | Reached skill level 5 in Air Magic
    29 | D        | Reached skill level 5 in Earth Magic
    29 | D        | Reached skill level 5 in Poison Magic
    29 | D        | Killed a destroyer
    30 | D        | Reached skill level 5 in Polearms
    30 | D        | Reached skill level 5 in Ranged Weapons
    30 | D        | Reached skill level 5 in Spellcasting
    30 | D        | Killed a large bag of meat
    31 | D        | Killed a meat berserker
    32 | D        | Reached skill level 10 in Stealth
    32 | D        | Reached XP level 21. HP: 190/239 MP: 20/31
    33 | D        | Killed a large bag of meat
    34 | D        | Reached skill level 10 in Shields
    34 | D        | Reached skill level 10 in Translocations
    34 | D        | Reached skill level 10 in Invocations
    34 | D        | Reached skill level 10 in Evocations
    34 | D        | Killed a destroyer
    35 | D        | Reached skill level 10 in Short Blades
    35 | D        | Reached skill level 10 in Transmutations
    35 | D        | Reached skill level 10 in Fire Magic
    35 | D        | Reached skill level 10 in Ice Magic
    35 | D        | Reached skill level 10 in Air Magic
    35 | D        | Reached skill level 10 in Earth Magic
    35 | D        | Reached skill level 10 in Poison Magic
    35 | D        | Noticed a destroyer
    35 | D        | Noticed a destroyer
    35 | D        | Noticed a large bag of meat
    36 | D        | Reached skill level 10 in Summonings
    36 | D        | Reached skill level 10 in Necromancy
    36 | D        | Noticed a destroyer
    37 | D        | Noticed a large bag of meat
    37 | D        | Killed a destroyer
    37 | D        | Noticed a destroyer
    38 | D        | Reached skill level 10 in Long Blades
    38 | D        | Reached skill level 10 in Maces & Flails
    38 | D        | Reached skill level 10 in Staves
    38 | D        | Reached skill level 10 in Conjurations
    38 | D        | Reached skill level 10 in Hexes
    38 | D        | Reached XP level 22. HP: 145/249 MP: 21/35
    40 | D        | Noticed a destroyer
    41 | D        | Noticed a destroyer
    41 | D        | Noticed a destroyer
    42 | D        | Reached skill level 10 in Polearms
    42 | D        | Reached skill level 10 in Spellcasting
    42 | D        | Killed a destroyer
    42 | D        | Noticed a destroyer
    42 | D        | Noticed a tyrant
    43 | D        | Killed a destroyer
    44 | D        | Reached skill level 10 in Ranged Weapons
    44 | D        | Reached skill level 15 in Stealth
    44 | D        | Killed a destroyer
    44 | D        | Killed a destroyer
    44 | D        | Noticed a tyrant
    45 | D        | Reached skill level 15 in Translocations
    45 | D        | Reached skill level 15 in Invocations
    45 | D        | Reached skill level 15 in Evocations
    45 | D        | Reached XP level 23. HP: 256/256 MP: 22/38
    45 | D        | Noticed a destroyer
    45 | D        | Noticed a destroyer
    46 | D        | Noticed a tyrant
    47 | D        | Noticed an accursed
    48 | D        | Killed a destroyer
    49 | D        | Reached skill level 27 in Stealth
    49 | D        | Noticed a destroyer
    49 | D        | Killed a large bag of meat
    50 | D        | Reached skill level 15 in Short Blades
    50 | D        | Reached skill level 15 in Transmutations
    50 | D        | Reached skill level 15 in Fire Magic
    50 | D        | Reached skill level 15 in Ice Magic
    50 | D        | Reached skill level 15 in Air Magic
    50 | D        | Reached skill level 15 in Earth Magic
    50 | D        | Reached skill level 15 in Poison Magic
    50 | D        | Killed a tyrant
    50 | D        | Killed a destroyer
    50 | D        | Noticed a large bag of meat
    51 | D        | Reached skill level 15 in Conjurations
    51 | D        | Reached skill level 15 in Hexes
    51 | D        | Reached skill level 15 in Summonings
    51 | D        | Reached skill level 15 in Necromancy
    51 | D        | Reached XP level 24. HP: 258/266 MP: 23/41
    51 | D        | Killed a large bag of meat
    51 | D        | Noticed a tyrant
    52 | D        | Reached skill level 15 in Long Blades
    52 | D        | Reached skill level 15 in Maces & Flails
    52 | D        | Reached skill level 15 in Staves
    52 | D        | Killed a destroyer
    53 | D        | Killed a destroyer
    54 | D        | Reached skill level 15 in Spellcasting
    54 | D        | Killed a tyrant
    55 | D        | Reached skill level 15 in Polearms
    55 | D        | Reached XP level 25. HP: 206/274 MP: 24/42
    56 | D        | Noticed a tyrant
    56 | D        | Noticed a tyrant
    57 | D        | Killed a tyrant
    57 | D        | Killed a destroyer
    58 | D        | Killed a destroyer
    59 | D        | Killed a large bag of meat
    59 | D        | Noticed a large bag of meat
    60 | D        | Killed an accursed
    61 | D        | Reached skill level 15 in Ranged Weapons
    61 | D        | Reached XP level 26. HP: 124/284 MP: 25/44
    61 | D        | Noticed The Captor
    62 | D        | Noticed a tyrant
    62 | D        | Killed a large bag of meat
    62 | D        | Noticed a meat beast
    63 | D        | Killed a tyrant
    63 | D        | Noticed a destroyer
    63 | D        | Noticed a dread
    65 | D        | Noticed a destroyer
    66 | D        | Killed a meat beast
    66 | D        | Killed a tyrant
    66 | D        | Noticed an accursed
    67 | D        | Reached XP level 27. HP: 274/292 MP: 27/46
    68 | D        | Killed a destroyer
    69 | D        | Killed a tyrant
    70 | D        | Killed a destroyer
    70 | D        | Noticed a meat beast
    70 | D        | Noticed a tyrant
    71 | D        | Killed a tyrant
    71 | D        | Noticed a tyrant
    71 | D        | Noticed a dread
    72 | D        | Killed a dread
    73 | D        | Noticed a meat beast
    73 | D        | Noticed a meat beast
    73 | D        | Noticed a meat beast
    73 | D        | HP: 2/292 [The Captor/+9 heavy triple sword (126)]
    73 | D        | Noticed a dread
    73 | D        | Noticed a destroyer
    73 | D        | Noticed a meat beast
    73 | D        | Annihilated by a meat berserker

Illustrated notes

Levels and vault maps discovered:
D:        meatsprint

Skill      XL: |  1  2  3  4  5  6  7  8  9 10 11 12 13 14 15 16 17 18 19 20 21 22 23 24 25 26 27 |
---------------+----------------------------------------------------------------------------------+-----
Fighting       | 8 10 12 13 15 17 20 24 27 | 27.0
Axes           | 2 4 7 9 11 14 20 26 27 | 27.0
Throwing       | 8 10 12 13 14 15 17 20 25 27 | 27.0
Dodging        | 12 15 18 19 20 22 24 27 | 27.0
Unarmed Combat | 15 18 21 22 23 25 27 | 27.0
Armour         | 6 10 27 | 27.0
Short Blades   | 8 11 14 16 18 19 22 23 | 23.6
Long Blades    | 7 10 12 14 16 17 20 21 | 21.4
Maces & Flails | 7 10 12 14 16 17 20 21 | 21.4
Polearms       | 7 9 11 13 15 16 18 19 | 19.9
Staves         | 7 10 12 14 16 17 20 21 | 21.4
Ranged Weapons | 6 8 10 12 13 15 17 18 | 18.4
Stealth        | 10 13 16 27 | 27.0
Shields        | 9 12 14 17 20 22 25 26 | 26.7
Spellcasting   | 7 9 11 14 15 17 19 21 | 21.3
Conjurations   | 7 10 12 15 17 19 21 23 | 23.0
Hexes          | 7 10 12 15 17 19 21 23 | 23.0
Summonings     | 8 10 12 15 16 18 20 21 | 21.9
Necromancy     | 8 10 12 15 16 18 20 21 | 21.9
Translocations | 9 12 15 17 19 21 24 25 | 25.5
Transmutations | 8 11 14 16 18 19 22 23 | 23.6
Fire Magic     | 8 11 14 16 18 19 22 23 | 23.6
Ice Magic      | 8 11 14 16 18 19 22 23 | 23.6
Air Magic      | 8 11 14 16 18 19 22 23 | 23.6
Earth Magic    | 8 11 14 16 18 19 22 23 | 23.6
Poison Magic   | 8 11 14 16 18 19 22 23 | 23.6
Invocations    | 9 12 15 17 19 21 24 25 | 25.5
Evocations     | 9 12 15 17 19 21 24 25 | 25.5

Action                     |  1- 3 |  4- 6 |  7- 9 | 10-12 | 13-15 | 16-18 | 19-21 | 22-24 | 25-27 || total
---------------------------+-------+-------+-------+-------+-------+-------+-------+-------+-------++-------
  Melee: Executioner's axe |     1 |       |       |     2 |     5 |     7 |    13 |    17 |    18 ||    63
 Armour: Leather armour    |       |       |       |       |       |       |       |       |     1 ||     1
  Dodge: Dodged            |       |       |       |       |       |     4 |       |       |     5 ||     9

Table legend: (Time is in decaauts)
 A = Elapsed time spent in this place.
 B = Non-inter-level travel time spent in this place.
 C = Inter-level travel time spent in this place.
 D = Time resting spent in this place.
 E = Time spent auto-exploring this place.
 F = Levels seen in this place.
 G = Mean time per level.
                   A        B        C        D        E       F      G
               +--------+--------+--------+--------+--------+-----+--------+
         Total |     65 |     65 |      0 |      0 |      0 |   1 |   65.0 |
       Dungeon |     65 |     65 |      0 |      0 |      0 |   1 |   65.0 |
               +--------+--------+--------+--------+--------+-----+--------+

Top non-repeatable levels by time:
       D: 65 daAuts
